 Dungeon Crawl Stone Soup version 0.29-a0-557-g43b9904bd1 (webtiles) character file.

Game seed: 3835211100997164882

4 siradein the Caller (level 1, -2/14 HPs)
             Began as a Hill Orc Summoner on June 8, 2022.
             Slain by a hobgoblin (5 damage)
             ... on level 1 of the Dungeon.
             The game lasted 00:00:22 (182 turns).

siradein the Caller (Hill Orc Summoner)              Turns: 182, Time: 00:00:23

Health: -2/14      AC:  2    Str: 10    XL:     1   Next: 60%
Magic:  0/3        EV: 12    Int: 15    God:
Gold:   6          SH:  0    Dex: 11    Spells: 2/3 levels left

rFire   . . .      SeeInvis .   (no weapon)
rCold   . . .      Faith    .   (no shield)
rNeg    . . .      Spirit   .   a - +0 robe
rPois   .          Reflect  .   (no helmet)
rElec   .          Harm     .   (no cloak)
rCorr   .          Rampage  .   (no gloves)
Will    .....                   (no boots)
Stlth   ++........              (no amulet)
HPRegen 0.04/turn               (no ring)
MPRegen 0.08/turn               (no ring)

@: no status effects
A: no striking features
a: no special abilities


You were on level 1 of the Dungeon.
You visited 1 branch of the dungeon, and saw 1 of its levels.

You collected 6 gold pieces.

Inventory:

Armour
 a - a +0 robe (worn)
Potions
 b - a potion of magic


   Skills:
 - Level 1.5 Dodging
 - Level 1.5 Stealth
 - Level 1.5 Spellcasting
 + Level 4.2 Summonings


You had 2 spell levels left.
You knew the following spells:

 Your Spells              Type           Power      Damage    Failure   Level
a - Summon Small Mammal   Summ           52%        N/A       4%          1

Your spell library contained the following spells:

 Spells                   Type           Power      Damage    Failure   Level
 Call Imp                 Summ           13%        N/A       6%          2
 Call Canine Familiar     Summ           13%        N/A       12%         3
 Summon Guardian Golem    Hex/Summ       7%         N/A       28%         3
 Summon Lightning Spire   Summ/Air       7%         N/A       67%         4


Dungeon Overview and Level Annotations

Branches:
Dungeon (1/15)

Altars:


Message History

Your bat hits the dart slug but does no damage.
The dart slug bites you.
You hit the dart slug but do no damage.
The dart slug is moderately wounded.
Your bat hits the dart slug. The dart slug launches a dart at you.
The slug dart misses you.
You hit the dart slug but do no damage.
The dart slug is heavily wounded.
Your bat hits the dart slug. You hit the dart slug.
The dart slug is severely wounded.
Your bat hits the dart slug.
Your bat hits the dart slug but does no damage.
The dart slug launches a dart at your bat.
The slug dart hits your bat.
Your bat dies!
Your bat's corpse disappears in a puff of smoke!
The frilled lizard bites you but does no damage.
You hit the dart slug.
You kill the dart slug!
The hobgoblin hits you but does no damage.
The frilled lizard bites you.
You closely miss the frilled lizard. The frilled lizard bites you.
The hobgoblin hits you.
Unknown command.
You are too injured to fight recklessly!
You are too injured to fight recklessly!
You are too injured to fight recklessly!
You are too injured to fight recklessly!
You are too injured to fight recklessly!
Casting: Summon Small Mammal (safe; 4% risk of failure)
Confirm with . or Enter, or press ? or * to list all spells.
The hobgoblin closely misses you. The frilled lizard closely misses you.
Casting: Summon Small Mammal (safe; 4% risk of failure)
Confirm with . or Enter, or press ? or * to list all spells.
The frilled lizard bites you.
* * * LOW HITPOINT WARNING * * *
The hobgoblin hits you.
You die...

#######
.......
.......
....$..####
..........#
.......r$b#
......l...##
.....?.@...+
......g##.## .
####### #.# ..
#.# .(.. #.#
.....
######'##.....
#.............
#........#####
#........#


You could see a hobgoblin, a frilled lizard (ally target), a friendly bat
(summoned) and a friendly rat (summoned).

Vanquished Creatures
  A dart slug (D:1)
1 creature vanquished.

Vanquished Creatures (collateral kills)
  A bat (D:1)
1 creature vanquished.

Grand Total: 2 creatures vanquished

Notes
Turn   | Place    | Note
-------+----------+-------------------------------------------
     0 | D:1      | siradein the Hill Orc Summoner began the quest for the Orb.
     0 | D:1      | Reached XP level 1. HP: 14/14 MP: 3/3
   182 | D:1      | Slain by a hobgoblin

Illustrated notes

Levels and vault maps discovered:
D:1:      dpeg_arrival_pits, layout_basic

Action                   || total
-------------------------++-------
Melee: Unarmed           ||    17
 Cast: Summon Small Mamm ||     5
Armor: Robe              ||    10
Dodge: Dodged            ||    19

Table legend: (Time is in decaauts)
 A = Elapsed time spent in this place.
 B = Non-inter-level travel time spent in this place.
 C = Inter-level travel time spent in this place.
 D = Time resting spent in this place.
 E = Time spent auto-exploring this place.
 F = Levels seen in this place.
 G = Mean time per level.
                   A        B        C        D        E       F      G
               +--------+--------+--------+--------+--------+-----+--------+
         Total |    182 |    182 |      0 |      0 |    140 |   1 |  182.0 |
       Dungeon |    182 |    182 |      0 |      0 |    140 |   1 |  182.0 |
               +--------+--------+--------+--------+--------+-----+--------+

Top non-repeatable levels by time:
     D:1: 182 daAuts
